 Dungeon Crawl Stone Soup version 0.28.0-53-g5a82cb258f (webtiles) character file.

Game seed: 9220410349469666038

53 Ashen the Chiller (level 3, 26/26 HPs)
             Began as a Demonspawn Ice Elementalist on July 13, 2022.
             Got out of the dungeon alive.
             The game lasted 00:02:31 (3197 turns).

Ashen the Chiller (Demonspawn Ice Elementalist)     Turns: 3197, Time: 00:02:32

Health: 26/26      AC:  2    Str:  8    XL:     3   Next: 62%
Magic:  6/6        EV: 12    Int: 18    God:
Gold:   70         SH:  0    Dex: 13    Spells: 5/6 levels left

rFire   . . .      SeeInvis .   i - staff of cold
rCold   + . .      Faith    .   (no shield)
rNeg    . . .      Spirit   .   a - +0 robe
rPois   .          Reflect  .   (no helmet)
rElec   .          Harm     .   (no cloak)
rCorr   .          Rampage  .   (no gloves)
Will    .....                   (no boots)
Stlth   ++........              (no amulet)
HPRegen 0.08/turn               (no ring)
MPRegen 0.10/turn               (no ring)

@: no status effects
A: spiny 1
a: no special abilities


You escaped.
You visited 1 branch of the dungeon, and saw 3 of its levels.

You collected 70 gold pieces.

Inventory:

Hand Weapons
 g - a +0 short sword
Armour
 a - a +0 robe (worn)
Magical Staves
 i - a staff of cold (weapon)
Scrolls
 b - a scroll of blinking {unknown}
 c - a scroll of noise {unknown}
 d - a scroll of torment {unknown}
 e - a scroll of teleportation {unknown}
 f - a scroll of magic mapping {unknown}
 h - a scroll of identify {unknown}


   Skills:
 + Level 1.1 Fighting
 + Level 2.1 Dodging
 + Level 2.2 Stealth
 - Level 0.3 Unarmed Combat
 + Level 2.3 Spellcasting
 + Level 4.0 Ice Magic


You had 5 spell levels left.
You knew the following spells:

 Your Spells              Type           Power      Damage    Failure   Level
a - Freeze                Ice            100%       1d11      3%          1

Your spell library contained the following spells:

 Spells                   Type           Power      Damage    Failure   Level
 Frozen Ramparts          Ice            50%        1d7       10%         3
 Ozocubu's Armour         Ice            25%        N/A       10%         3
 Hailstorm                Conj/Ice       14%        3d5       58%         4


Dungeon Overview and Level Annotations

Branches:
Dungeon (3/15)

Altars:
Zin

Annotations:
D:3 2 transporters


Innate Abilities, Weirdness & Mutations

You are partially covered in sharp spines.


Message History

The goblin is struck by your spines. The goblin hits you with a +0 club.
You hit the goblin.
The goblin is severely wounded.
The frilled lizard barely misses you. The goblin is struck by your spines.
You kill the goblin!
You closely miss the frilled lizard.
The frilled lizard is struck by your spines.
You kill the frilled lizard!
You see here a frilled lizard corpse.
Things that are here:
a +0 club; a goblin corpse Saving game... please wait.
Welcome back, Ashen the Demonspawn Ice Elementalist.
Press ? for a list of commands and other information.
Magic restored.
HP restored.
Things that are here:
3 stones; a +0 dagger; a kobold corpse
Found a transporter.
There is a transporter here.
Found a robe.
No reachable target in view!
No reachable target in view!
Found a transporter.
There is a transporter here.
There is a stone staircase leading up here.
You climb upwards.
There is a stone staircase leading down here.
(D) Dungeon
Where to? (Enter - D:3 @ (x,y), ? - help)
Okay, then.
There is an open door here.
There is a stone staircase leading up here.
You climb upwards.
There is a stone staircase leading down here.
You see here a +0 dagger.
You see here 12 sling bullets.
There is a staircase leading out of the dungeon here.
Are you sure you want to leave the Dungeon?
This will make you lose the game!
You have escaped!

..##..#.................#.#.#....
..##..##########............#####
..##........................#
####.##################.##..#
#.....................#..#####
####################.##..#.......
..##...# #.......#.##..#.######
####.#.#####.#####.#.##..#.#
.#...#...#.(.#..@#.).##..#.#
.#.#####.#.#.#.###.####..#.# ...#
#.....#...#...#.....#.#
######.#########.###.##..#.#
...#.....#.# #.....##..#.#
##.#.###.#.# ###.####..#.# .#...#
#...# #...##..#.# .###.###.#.###
###.##..#.##### ...#.....#...#
###...##..#.....#


There were no monsters in sight!

Vanquished Creatures
  An adder (D:2)
  A worm (D:2)
  A dart slug (D:1)
  An orc (D:2)
  2 ball pythons
  5 endoplasms
  4 giant cockroaches
  3 goblins
  2 hobgoblins
  5 kobolds
  A quokka (D:2)
  3 bats
  3 frilled lizards
  A rat (D:1)
33 creatures vanquished.

Notes
Turn   | Place    | Note
-------+----------+-------------------------------------------
     0 | D:1      | Ashen the Demonspawn Ice Elementalist began the quest for
                  | the Orb.
     0 | D:1      | Reached XP level 1. HP: 13/13 MP: 3/3
  1021 | D:1      | Gained mutation: You are partially covered in sharp spines.
                  | [demonic ancestry]
  1021 | D:1      | Reached XP level 2. HP: 19/20 MP: 3/5
  2058 | D:2      | Reached skill level 1 in Fighting
  2064 | D:2      | Reached XP level 3. HP: 17/26 MP: 2/6
  2213 | D:2      | Reached skill level 4 in Ice Magic
  2233 | D:2      | Found a faded altar of an unknown god.
  3076 | D:3      | Found a transporter.
  3097 | D:3      | Found a transporter.
  3197 | D:$      | Got out of the dungeon alive.

Illustrated notes

Levels and vault maps discovered:
D:1:      elethiomel_arrival_maze, layout_basic
D:2:      layout_basic, basic_altar, basic_ecumenical_altar
D:3:      gammafunk_steamed_eel, layout_rooms, minmay_three_crescents

Skill      XL: |  1  2  3 |
---------------+----------+-----
Dodging        | 2 |  2.1
Stealth        | 2 |  2.2
Fighting       | 1 |  1.1
Ice Magic      | 4 |  4.0
Unarmed Combat | |  0.3
Spellcasting   | |  2.3

Action                   || total
-------------------------++-------
Melee: Unarmed           ||    36
       Short sword       ||    13
       Staff             ||     5
 Cast: Freeze            ||    29
 Stab: Sleeping          ||     2
Armor: Robe              ||    13
Dodge: Dodged            ||    52
